3AAA
GRYFINDOR BRAVES @ AUGUSTA TIMBER HAWKS
06/10/2034
 
TOP OF THE 1ST
Gryfindor Braves batting - Pitching for Augusta Timber Hawks : LHP José Flores
Pitching: LHP José Flores
Batting: LHB José Cuervo 0-0: Called Strike
0-1: Ball
1-1: Ball
2-1: Bunt missed!
2-2: Ground out 4-3 (Groundball, 4M)
Batting: RHB Javier López 0-0: Swinging Strike
0-1: SINGLE (Line Drive, 8RS)
Batting: RHB Akke Derksen 0-0: Called Strike
0-1: Fielders Choice at 2nd, 1-4 (Groundball, 15)
Batting: RHB Bob Petiet 0-0: Called Strike
0-1: Ball
1-1: Swinging Strike
1-2: Ball
2-2: Foul Ball, location: 2F
2-2: Ball
3-2: Ground out 5-3 (Groundball, 56)
Top of the 1st over - 0 runs, 1 hit, 0 errors, 1 left on base; Gryfindor 0 - Augusta 0
BOTTOM OF THE 1ST
Augusta Timber Hawks batting - Pitching for Gryfindor Braves : RHP Marv Bradford
Pitching: RHP Marv Bradford
Batting: LHB Carlos Medellín 0-0: Ball
1-0: Ball
2-0: Ball
3-0: Base on Balls
Batting: RHB Krystof Melichar 0-0: Ball
1-0: Foul Ball, location: 2F
1-1: Ball
2-1: Foul Ball, location: 2F
2-2: Ball
3-2: Strikes out swinging
Batting: RHB Eugene Bennett 0-0: Ball
1-0: Foul Ball, location: 2F
1-1: Ground out 5-3 (Groundball, 56S)
Carlos Medellín to second
Batting: SHB Yun-qi Chien 0-0: Foul Ball, location: 2F
0-1: Called Strike
0-2: Ball
1-2: Ball
2-2: Foul Ball, location: 2F
2-2: Foul Ball, location: 2F
2-2: Foul Ball, location: 2F
2-2: Foul Ball, location: 2F
2-2: Ground out 1-3 (Groundball, 15S)
Bottom of the 1st over - 0 runs, 0 hits, 0 errors, 1 left on base; Gryfindor 0 - Augusta 0
TOP OF THE 2ND
Gryfindor Braves batting - Pitching for Augusta Timber Hawks : LHP José Flores
Batting: LHB Austin Hathaway 0-0: Foul Ball, location: 2F
0-1: Ball
1-1: Foul Ball, location: 2F
1-2: SINGLE (Line Drive, 56)
Batting: RHB Ernesto Souza 0-0: Grounds into double play, 5-4-3 (Groundball, 56)
Batting: LHB Carroll Martin 0-0: Fly out, F4 (Popup, 4)
Top of the 2nd over - 0 runs, 1 hit, 0 errors, 0 left on base; Gryfindor 0 - Augusta 0
BOTTOM OF THE 2ND
Augusta Timber Hawks batting - Pitching for Gryfindor Braves : RHP Marv Bradford
Batting: RHB Jesús Recesvinto 0-0: Ball
1-0: Called Strike
1-1: Fly out, F9 (Flyball, 9)
Batting: LHB Damian Delaney 0-0: Called Strike
0-1: Called Strike
0-2: Ground out 4-3 (Groundball, 4)
Batting: LHB Randy Sallah 0-0: Called Strike
0-1: Ball
1-1: Ball
2-1: SINGLE (Line Drive, 89M)
Batting: SHB Eduardo Pampin 0-0: Called Strike
0-1: Fly out, F9 (Flyball, 9S)
Bottom of the 2nd over - 0 runs, 1 hit, 0 errors, 1 left on base; Gryfindor 0 - Augusta 0
TOP OF THE 3RD
Gryfindor Braves batting - Pitching for Augusta Timber Hawks : LHP José Flores
Batting: SHB Adrián Zamudio 0-0: Ball
1-0: Ball
2-0: Ball
3-0: Base on Balls
Batting: RHB Vicente Andros 0-0: Ball
1-0: Foul Ball, location: 2F
1-1: Foul Ball, location: 2F
1-2: Foul Ball, location: 2F
1-2: Foul Ball, location: 2F
1-2: Strikes out swinging
Batting: LHB José Cuervo 0-0: Fly out, F9 (Flyball, 89M)
Batting: RHB Javier López 0-0: Called Strike
0-1: Ball
1-1: Fielders Choice at 2nd, 6-4 (Groundball, 6)
Top of the 3rd over - 0 runs, 0 hits, 0 errors, 1 left on base; Gryfindor 0 - Augusta 0
BOTTOM OF THE 3RD
Augusta Timber Hawks batting - Pitching for Gryfindor Braves : RHP Marv Bradford
Batting: LHB Seung-soo Ch'ae 0-0: Ball
1-0: Ball
2-0: Ground out 3-1 (Groundball, 34)
Batting: LHB Carlos Medellín 0-0: Foul Ball, location: 2F
0-1: Ball
1-1: Swinging Strike
1-2: Ball
2-2: Ball
3-2: Base on Balls
Pitching: LHP Octávio Ríos
Batting: RHB Krystof Melichar 0-0: Called Strike
0-1: Ball
1-1: Ball
2-1: SINGLE (Groundball, 6M) (infield hit)
Carlos Medellín to second
Batting: RHB Eugene Bennett 0-0: Called Strike
0-1: Ball
1-1: Swinging Strike
1-2: Strikes out swinging
Batting: SHB Yun-qi Chien 0-0: Ball
1-0: Ball
2-0: Ball
3-0: Called Strike
3-1: Ground out 3-1 (Groundball, 34)
Bottom of the 3rd over - 0 runs, 1 hit, 0 errors, 2 left on base; Gryfindor 0 - Augusta 0
TOP OF THE 4TH
Gryfindor Braves batting - Pitching for Augusta Timber Hawks : LHP José Flores
Batting: RHB Akke Derksen 0-0: Ball
1-0: Fly out, F9 (Flyball, 89M)
Batting: RHB Bob Petiet 0-0: Called Strike
0-1: Fly out, F6 (Popup, 6)
Batting: LHB Austin Hathaway 0-0: Ball
1-0: Ground out 5-3 (Groundball, 56S)
Top of the 4th over - 0 runs, 0 hits, 0 errors, 0 left on base; Gryfindor 0 - Augusta 0
BOTTOM OF THE 4TH
Augusta Timber Hawks batting - Pitching for Gryfindor Braves : LHP Octávio Ríos
Batting: RHB Jesús Recesvinto 0-0: Ball
1-0: Ball
2-0: Called Strike
2-1: Foul Ball, location: 2F
2-2: Strikes out looking
Batting: LHB Damian Delaney 0-0: Ground out 6-3 (Groundball, 6)
Batting: LHB Randy Sallah 0-0: Ball
1-0: Foul Ball, location: 2F
1-1: Called Strike
1-2: Ground out 6-3 (Groundball, 6)
Bottom of the 4th over - 0 runs, 0 hits, 0 errors, 0 left on base; Gryfindor 0 - Augusta 0
TOP OF THE 5TH
Gryfindor Braves batting - Pitching for Augusta Timber Hawks : LHP José Flores
Batting: RHB Ernesto Souza 0-0: Called Strike
0-1: Foul Ball, location: 2F
0-2: Strikes out swinging, 2-3 out at first.
Batting: LHB Carroll Martin 0-0: Called Strike
0-1: Ground out 4-3 (Groundball, 4)
Batting: SHB Adrián Zamudio 0-0: Called Strike
0-1: Called Strike
0-2: Strikes out swinging
Top of the 5th over - 0 runs, 0 hits, 0 errors, 0 left on base; Gryfindor 0 - Augusta 0
BOTTOM OF THE 5TH
Augusta Timber Hawks batting - Pitching for Gryfindor Braves : LHP Octávio Ríos
Batting: SHB Eduardo Pampin 0-0: Called Strike
0-1: Called Strike
0-2: Ball
1-2: Ball
2-2: Ball
3-2: Base on Balls
Batting: LHB Seung-soo Ch'ae 0-0: Bunt - Flyout! F5
Pitching: RHP Rodrigo Torres
Batting: LHB Carlos Medellín 0-0: Called Strike
0-1: Foul Ball, location: 2F
0-2: Ball
1-2: Ball
2-2: Ball
3-2: Base on Balls
Eduardo Pampin to second
Batting: RHB Krystof Melichar 0-0: Fly out, F5 (Popup, 5SF)
Batting: RHB Eugene Bennett 0-0: Called Strike
0-1: Ball
1-1: Called Strike
1-2: Strikes out swinging
Bottom of the 5th over - 0 runs, 0 hits, 0 errors, 2 left on base; Gryfindor 0 - Augusta 0
TOP OF THE 6TH
Gryfindor Braves batting - Pitching for Augusta Timber Hawks : LHP José Flores
Batting: RHB Vicente Andros 0-0: Ball
1-0: Swinging Strike
1-1: Swinging Strike
1-2: Strikes out swinging
Batting: LHB José Cuervo 0-0: Called Strike
0-1: Foul Ball, location: 2F
0-2: Ball
1-2: Ball
2-2: Ball
3-2: Foul Ball, location: 2F
3-2: Ground out U3 (Groundball, 3D)
Batting: RHB Javier López 0-0: Called Strike
0-1: Ground out 5-3 (Groundball, 5)
Top of the 6th over - 0 runs, 0 hits, 0 errors, 0 left on base; Gryfindor 0 - Augusta 0
BOTTOM OF THE 6TH
Augusta Timber Hawks batting - Pitching for Gryfindor Braves : RHP Rodrigo Torres
Batting: SHB Yun-qi Chien 0-0: Called Strike
0-1: Foul Ball, location: 2F
0-2: Ball
1-2: Foul Ball, location: 2F
1-2: Ground out 4-3 (Groundball, 4MD)
Batting: RHB Jesús Recesvinto 0-0: Ball
1-0: Foul Ball, location: 2F
1-1: Foul Ball, location: 2F
1-2: Ground out 6-3 (Groundball, 6)
Batting: LHB Damian Delaney 0-0: Foul Ball, location: 2F
0-1: Ball
1-1: Ball
2-1: Foul Ball, location: 2F
2-2: Ball
3-2: Ground out 4-3 (Groundball, 4)
Bottom of the 6th over - 0 runs, 0 hits, 0 errors, 0 left on base; Gryfindor 0 - Augusta 0
TOP OF THE 7TH
Gryfindor Braves batting - Pitching for Augusta Timber Hawks : LHP José Flores
Batting: RHB Akke Derksen 0-0: Called Strike
0-1: Foul Ball, location: 2F
0-2: Ball
1-2: SINGLE (Line Drive, 34)
Batting: RHB Bob Petiet 0-0: Grounds into double play, 6-4-3 (Groundball, 6)
Batting: LHB Austin Hathaway 0-0: Ground out 6-3 (Groundball, 6)
Top of the 7th over - 0 runs, 1 hit, 0 errors, 0 left on base; Gryfindor 0 - Augusta 0
BOTTOM OF THE 7TH
Augusta Timber Hawks batting - Pitching for Gryfindor Braves : RHP Rodrigo Torres
Batting: LHB Randy Sallah 0-0: Ball
1-0: Ball
2-0: Called Strike
2-1: Ball
3-1: Foul Ball, location: 2F
3-2: SINGLE (Groundball, 4D)
Batting: SHB Eduardo Pampin 0-0: Ball
1-0: Ball
2-0: Ball
3-0: Base on Balls
Randy Sallah to second
Pinch Runner at 2nd José Pérez:
Batting: LHB Seung-soo Ch'ae 0-0: Ball
1-0: Ball
2-0: Bunted foul
2-1: Bunted foul
2-2: Ball
3-2: Foul Ball, location: 2F
3-2: SINGLE (Groundball, 6D)
José Pérez to third
Eduardo Pampin to second
Batting: LHB Carlos Medellín 0-0: Foul Ball, location: 2F
0-1: Called Strike
0-2: Ball
1-2: Grounds into fielders choice 4-2 (Groundball, 4M)
Eduardo Pampin to third
Seung-soo Ch'ae to second
Batting: RHB Krystof Melichar 0-0: Foul Ball, location: 2F
0-1: Ball
1-1: Called Strike
1-2: Foul Ball, location: 2F
1-2: Ball
2-2: Foul Ball, location: 2F
2-2: Strikes out looking
Batting: RHB Eugene Bennett 0-0: Foul Ball, location: 2F
0-1: DOUBLE (Line Drive, 78D)
Eduardo Pampin scores
Seung-soo Ch'ae scores
Carlos Medellín to third
Runner from 3rd tries for Home, SAFE, no throw
Pitching: RHP Brian Peeks
Batting: SHB Yun-qi Chien 0-0: Swinging Strike
0-1: Ball
1-1: Foul Ball, location: 2F
1-2: Strikes out looking
Bottom of the 7th over - 3 runs, 3 hits, 0 errors, 1 left on base; Gryfindor 0 - Augusta 3
TOP OF THE 8TH
Gryfindor Braves batting - Pitching for Augusta Timber Hawks : LHP José Flores
Now at 1B: José Pérez
Batting: RHB Ernesto Souza 0-0: SINGLE (Groundball, 6D)
Batting: LHB Carroll Martin 0-0: Ball
1-0: Ball
2-0: Ball
3-0: Base on Balls
Ernesto Souza to second
Batting: SHB Adrián Zamudio 0-0: Ball
1-0: Called Strike
1-1: Called Strike
1-2: SINGLE (Groundball, 34S) (infield hit)
Ernesto Souza to third
Carroll Martin to second
Batting: RHB Vicente Andros 0-0: Ball
1-0: Swinging Strike
1-1: Ball
2-1: Ball
3-1: Foul Ball, location: 2F
3-2: Foul Ball, location: 2F
3-2: Grounds into fielders choice 6-2 (Groundball, 6M)
Carroll Martin to third
Adrián Zamudio to second
Batting: LHB José Cuervo 0-0: Ball
Wild Pitch!
Carroll Martin scores
Adrián Zamudio to third
Vicente Andros to second
1-0: Ball
2-0: Ball
3-0: Base on Balls
Batting: RHB Javier López 0-0: Foul Ball, location: 2F
0-1: SINGLE (Line Drive, 78M)
Adrián Zamudio scores
Vicente Andros to third
José Cuervo to second
Pitching: RHP Tate Beason
Batting: RHB Akke Derksen 0-0: Ball
1-0: Ball
2-0: Ball
3-0: Called Strike
3-1: Foul Ball, location: 2F
3-2: Base on Balls
Vicente Andros scores
José Cuervo to third
Javier López to second
Batting: RHB Bob Petiet 0-0: Ball
1-0: Called Strike
1-1: Ball
2-1: Called Strike
2-2: Strikes out swinging
Batting: LHB Austin Hathaway 0-0: Called Strike
0-1: Foul Ball, location: 2F
0-2: Ball
1-2: Ball
2-2: Strikes out swinging
Top of the 8th over - 3 runs, 3 hits, 0 errors, 3 left on base; Gryfindor 3 - Augusta 3
BOTTOM OF THE 8TH
Augusta Timber Hawks batting - Pitching for Gryfindor Braves : RHP Brian Peeks
Batting: RHB Jesús Recesvinto 0-0: Ball
1-0: Fly out, F9 (Flyball, 9S)
Batting: LHB Damian Delaney 0-0: Called Strike
0-1: Ball
1-1: Ball
2-1: Fly out, F9 (Flyball, 89M)
Batting: LHB José Pérez 0-0: Called Strike
0-1: TRIPLE (Line Drive, 78XD)
Batting: SHB Eduardo Pampin 0-0: Called Strike
0-1: Ball
1-1: 2-RUN HOME RUN (Flyball, 9LD), Distance : 368 ft
Pitching: RHP Geunhye Kyoung
Batting: LHB Seung-soo Ch'ae 0-0: Called Strike
0-1: Ball
1-1: Ball
2-1: Foul Ball, location: 2F
2-2: Ball
3-2: Foul Ball, location: 2F
3-2: Ground out 5-3 (Groundball, 5)
Bottom of the 8th over - 2 runs, 2 hits, 0 errors, 0 left on base; Gryfindor 3 - Augusta 5
TOP OF THE 9TH
Gryfindor Braves batting - Pitching for Augusta Timber Hawks : RHP Tate Beason
Pitching: RHP Gus Osborne
Batting: RHB Ernesto Souza 0-0: Ball
1-0: Fly out, F7 (Flyball, 7)
Batting: LHB Carroll Martin 0-0: Foul Ball, location: 2F
0-1: Ground out 4-3 (Groundball, 4)
Batting: SHB Adrián Zamudio 0-0: Swinging Strike
0-1: Ball
1-1: Ball
2-1: Ball
3-1: Ground out 4-3 (Groundball, 4)
Top of the 9th over - 0 runs, 0 hits, 0 errors, 0 left on base; Gryfindor 3 - Augusta 5
Friday, March 29th, 2019 - OOTP Baseball 18.8 Build 76